 Dungeon Crawl Stone Soup version 0.31-a0-667-g39726597b9 (webtiles) character file.

Game seed: 6876347383310080358

18 GordonOverkill the Sneak (level 2, -6/27 HPs)
             Began as a Ghoul Delver on Sept 4, 2023.
             Mangled by a black bear (7 damage)
             ... on level 5 of the Dungeon.
             The game lasted 00:02:00 (379 turns).

GordonOverkill the Sneak (Ghoul Delver)              Turns: 379, Time: 00:02:01

Health: -6/27      AC:  7    Str: 20    XL:     2   Next: 70%
Magic:  1/1        EV: 11    Int:  5    God:
Gold:   12         SH:  0    Dex: 10    Spells: 1/1 levels left

rFire   . .          .
                       - Unarmed
rCold   + . .        (no shield)
rNeg    + + +        g - +2 ring mail of the Crypt {Str+5}
rPois   ∞            (no helmet)
rElec   .            (no cloak)
rCorr   .            (no gloves)
SInv    .            (no boots)
Will    .....        (no amulet)
Stlth   ++           (no ring)
HPRegen 0.00/turn    (no ring)
MPRegen 0.07/turn

%: no passive effects
@: inhibited regen, hasted, very quick
A: claws 1, cold resistance 1, negative energy resistance 3, inhibited
regeneration, torment resistance 2, devour on kill
a: no special abilities


You were on level 5 of the Dungeon.
You visited 1 branch of the dungeon, and saw 2 of its levels.

You collected 12 gold pieces.

Inventory:

Hand Weapons
 a - a +0 sling
Armour
 g - the +2 ring mail of the Crypt (worn) {Str+5}
   (You found it on level 5 of the Dungeon)

   Str+5:     It affects your strength (+5).
Wands
 f - a wand of digging (3)
Scrolls
 b - a scroll of fog
 c - a scroll of revelation
 d - a scroll of fear


   Skills:
 - Level 4.0 Fighting
 - Level 1.7 Dodging
 - Level 5.4 Stealth
 + Level 2.7 Unarmed Combat


You had one spell level left.
You didn't know any spells.
Your spell library was empty.

Dungeon Overview and Level Annotations

Branches:
Dungeon (6/15)
 Temple: D:4-7

Altars:


Innate Abilities, Weirdness & Mutations

You are immune to poison.
You have sharp fingernails.
Your flesh is cold resistant. (rC+)
You are immune to negative energy. (rN+++)
You do not regenerate when monsters are visible.
You are immune to unholy pain and torment.
You thrive by killing the living.


Message History

You closely miss the black bear.
The black bear is heavily wounded.
The black bear bites you but does no damage.
The black bear barely misses you.
The black bear claws you but does no damage.
You feel yourself speed up. The black bear bites you.
* * * LOW HITPOINT WARNING * * *
The black bear claws you.
* * * LOW HITPOINT WARNING * * *
The black bear claws you but does no damage.
You scratch the black bear but do no damage.
The black bear is heavily wounded.
The black bear bites you.
* * * LOW HITPOINT WARNING * * *
The black bear claws you.
* * * LOW HITPOINT WARNING * * *
The black bear claws you.
* * * LOW HITPOINT WARNING * * *
You scratch the black bear.
The black bear is heavily wounded.
You closely miss the black bear.
The black bear is heavily wounded.
The black bear bites you.
* * * LOW HITPOINT WARNING * * *
The black bear claws you but does no damage.
The black bear barely misses you.
You scratch the black bear.
The black bear is heavily wounded.
You claw the black bear! Your claw misses the black bear.
The black bear is almost dead.
The black bear goes berserk!
You scratch the black bear but do no damage.
The black bear is almost dead.
The black bear bites you but does no damage.
The black bear claws you but does no damage.
The black bear closely misses you.
You barely miss the black bear.
The black bear is almost dead.
The black bear bites you!
You die...

. .. .# .# #. .#
##.# #h.# #@## ##.#
###..## #######
###..#..###
#..)).###>.####...##
####.....###
###..##### ####..#
##.....# #..#
###..## #.## ##..###


You could see a black bear (berserk).

Vanquished Creatures
  2 gnolls (D:5)
2 creatures vanquished.

Notes
Turn   | Place    | Note
-------+----------+-------------------------------------------
     0 | D:5      | GordonOverkill the Ghoul Delver began the quest for the
                  | Orb.
     0 | D:5      | Reached XP level 1. HP: 19/19 MP: 0/0
   117 | D:5      | Noticed a scorpion
   126 | D:5      | Identified the +2 ring mail of the Crypt {Str+5}
   220 | D:6      | Noticed an ogre
   260 | D:5      | Reached XP level 2. HP: 22/27 MP: 1/1
   360 | D:5      | Noticed a black bear
   375 | D:5      | HP: 1/27 [black bear (2)]
   379 | D:5      | Mangled by a black bear

Illustrated notes

Levels and vault maps discovered:
D:5:      layout_cave_pods, minmay_temple_entry_offerings
D:6:      layout_cave_pools, general_overflow_altar,
          mainiacjoe_overflow_catwalk_spiral

Skill      XL: |  1 |
---------------+----+-----
Fighting       | 4 |  4.0
Dodging        | |  1.7
Stealth        | |  5.4
Unarmed Combat | |  2.7

Action                     || total
---------------------------++-------
  Melee: Unarmed           ||    23
   Fire: Sling             ||     6
    Use: Potion            ||     1
 Armour: Ring mail         ||    33
  Dodge: Dodged            ||     7

Table legend: (Time is in decaauts)
 A = Elapsed time spent in this place.
 B = Non-inter-level travel time spent in this place.
 C = Inter-level travel time spent in this place.
 D = Time resting spent in this place.
 E = Time spent auto-exploring this place.
 F = Levels seen in this place.
 G = Mean time per level.
                   A        B        C        D        E       F      G
               +--------+--------+--------+--------+--------+-----+--------+
         Total |    375 |    356 |     19 |     61 |      0 |   2 |  187.5 |
       Dungeon |    375 |    356 |     19 |     61 |      0 |   2 |  187.5 |
               +--------+--------+--------+--------+--------+-----+--------+

Top non-repeatable levels by time:
     D:5: 370 daAuts
     D:6: 5 daAuts
